 Dungeon Crawl Stone Soup version 0.14-a0-1844-g8283a67 (webtiles) character file.

228 Kae the Insei (level 4, 0/35 HPs)
             Began as a Draconian Transmuter on Jan 13, 2014.
             Succumbed to a kobold's poison
             ... on Level 3 of the Dungeon.
             The game lasted 00:01:50 (2076 turns).

Kae the Insei (Draconian Transmuter)                Turns: 2076, Time: 00:01:50

HP   0/35        AC  6     Str 12      XL: 4   Next: 49%
MP   7/7         EV 12     Int 13      God:
Gold 126         SH  0     Dex 13      Spells:  1 memorised,  6 levels left

rFire  . . .     SeeInvis .       - Unarmed
rCold  . . .     Clarity  .     (armour unavailable)
rNeg   . . .     Conserve .     (no shield)
rPois  .         rCorr    .     (helmet restricted)
rElec  .         rRot     .     t - +0 cloak
SustAb . .       Spirit   .     (no gloves)
rMut   .         Warding  .     (no boots)
Saprov . . .     Stasis   .     (no amulet)
                                (no ring)
                                (no ring)

@: mildly poisoned, slightly resistant to hostile enchantments, unstealthy
A: unfitting armour, AC +5
a: no special abilities


You were on level 3 of the Dungeon.
You were not hungry.

You visited 1 branch of the dungeon, and saw 3 of its levels.

You collected 126 gold pieces.

Inventory:

Missiles
 b - 12 arrows
 f - 8 tomahawks (quivered)
Armour
 t - a +0 cloak (worn)
Comestibles
 a - a bread ration
 l - a snozzcumber
 q - a meat ration
 r - 2 rotting chunks of goblin flesh
Scrolls
 c - a scroll of random uselessness {unknown}
 e - 2 scrolls of identify {unknown}
 g - a scroll of fog {unknown}
 h - a scroll of teleportation {unknown}
 i - 2 scrolls of fear {unknown}
 o - a scroll of curse armour {unknown}
 p - a scroll of magic mapping {unknown}
 s - 3 scrolls of remove curse {unknown}
 u - a scroll of amnesia {unknown}
Potions
 j - a potion of heal wounds
 k - 2 potions of degeneration
Books
 d - a book of Changes

   Spells                             Type                      Level
   *Beastly Appendage                 Transmutation                1
   Sticks to Snakes                   Transmutation                2
   Spider Form                        Transmutation/Poison         3
   Ice Form                           Ice/Transmutation            4
   Blade Hands                        Transmutation                5


   Skills:
 - Level 1.1 Fighting
 - Level 1.7 Dodging
 + Level 5.3 Unarmed Combat
 - Level 2.0 Spellcasting
 - Level 2.0 Transmutations


You had 6 spell levels left.
You knew the following spells:

 Your Spells              Type           Power        Failure   Level  Hunger
a - Beastly Appendage     Trmt           #.....       12%         1    ##.....


Dungeon Overview and Level Annotations

Branches:
Dungeon (3/16)

Altars:


Message History

You start resting.
* * * LOW HITPOINT WARNING * * *
You feel sick.
You are feeling hungry.
You start resting.
Eating a chunk of adder flesh.
This raw flesh tastes terrible.
* * * LOW HITPOINT WARNING * * *
You feel sick.
You continue eating.
* * * LOW HITPOINT WARNING * * *
You feel sick.
Drink which item? (? for menu, Esc to quit)
There was something very wrong with that liquid!
You feel dopey.
It was a potion of degeneration.
* * * LOW HITPOINT WARNING * * *
You feel sick.
Drink which item? (? for menu, Esc to quit)
You feel your intelligence returning.
It was a potion of restore abilities.
You die...

##..... ### ##########
########. ..#
............# #........
..#
+............####........
..+
#............+..#.>......
..#
#............##..........
..#
#............####...)....
..# #............#
#........ ..#
#..)....@....# #........
..# #.....)......#
#..%..... ###
########'##### ###.#####
#### ##...# ##...### ...#
###..### #.......
...##### #...## #.......
...'...####'########
#.......
...###>##..........#
#....... ...#
#.##..........+ #.......


There were no monsters in sight!

Vanquished Creatures
  5 adders
  An inept item mimic (D:2)
  A giant gecko (D:1)
  An orc (D:3)
  3 giant cockroaches
  8 hobgoblins
  5 kobolds
  5 bats
  3 giant newts (D:1)
  9 goblins
  A hobgoblin skeleton (D:3)
  6 rats
48 creatures vanquished.

Notes
Turn   | Place    | Note
--------------------------------------------------------------
     0 | D:1      | Kae, the Draconian Transmuter, began the quest for the Orb.
     0 | D:1      | Reached XP level 1. HP: 16/16 MP: 3/3
   147 | D:1      | Reached XP level 2. HP: 7/23 MP: 4/4
   375 | D:1      | Reached skill level 4 in Unarmed Combat
   668 | D:1      | Reached XP level 3. HP: 20/28 MP: 6/6
  1540 | D:2      | Reached XP level 4. HP: 28/35 MP: 7/7
  1634 | D:2      | Reached skill level 5 in Unarmed Combat
  2075 | D:3      | HP: 1/35 [poisoned by a kobold]
  2076 | D:3      | Succumbed to a kobold's poison

Action                   |  1- 3 |  4- 6 || total
-------------------------+-------+-------++-------
Melee: Unarmed           |   149 |    39 ||   188
 Cast: Beastly Appendage |     4 |     3 ||     7
  Use: Potion            |     1 |     2 ||     3
